 Dungeon Crawl Stone Soup version 0.30-a0-359-gd0147acb1a (webtiles) character file.

Game seed: 13262005993252599723

28 experimilk the Conjurer (level 3, -3/26 HPs)
             Began as a Draconian Conjurer on Nov 12, 2022.
             Slain by an orc priest
             ... wielding a +0 trident
              (4 damage)
             ... on level 3 of the Dungeon.
             The game lasted 00:02:14 (1697 turns).

experimilk the Conjurer (Draconian Conjurer)        Turns: 1697, Time: 00:02:15

Health: -3/26      AC:  5    Str:  9    XL:     3   Next: 0%
Magic:  0/6        EV: 12    Int: 20    God:
Gold:   99         SH:  0    Dex:  9    Spells: 3/6 levels left

rFire   . . .      SeeInvis .    c - +0 short sword (speed)
rCold   . . .      Faith    .    (no shield)
rNeg    . . .      Spirit   .    (body armour unavailable)
rPois   .          Reflect  .    (helmet restricted)
rElec   .          Harm     .    (no cloak)
rCorr   .          Rampage  .    (no gloves)
Will    .....                    (no boots)
Stlth   ++........               (no amulet)
HPRegen 0.24/turn                (no ring)
MPRegen 0.10/turn                (no ring)

@: no status effects
A: AC +5, unfitting armour, cold-blooded
a: no special abilities


You were on level 3 of the Dungeon.
You visited 1 branch of the dungeon, and saw 3 of its levels.

You collected 99 gold pieces.

Inventory:

Hand Weapons
 c - a +0 short sword of speed (weapon)
Scrolls
 b - a scroll of immolation
 f - 2 scrolls of teleportation {unknown}
 h - a scroll of enchant armour {unknown}
 m - a scroll of blinking {unknown}
Potions
 a - a potion of magic
 d - a potion of invisibility {unknown}
 e - a potion of flight {unknown}
 g - 2 potions of curing
 i - 3 potions of lignification
 j - a potion of cancellation {unknown}
 k - a potion of ambrosia {unknown}


   Skills:
 - Level 1.7 Dodging
 - Level 1.7 Stealth
 - Level 2.0 Spellcasting
 * Level 5.0 Conjurations


You had 3 spell levels left.
You knew the following spells:

 Your Spells              Type           Power      Damage    Failure   Level
a - Magic Dart            Conj           88%        1d7       1%          1
z - Searing Ray           Conj           44%        2d6       3%          2

Your spell library contained the following spells:

 Spells                   Type           Power      Damage    Failure   Level
 Dazzling Flash           Conj/Hex       24%        N/A       17%         3
 Fulminant Prism          Conj/Hex       6%         3d7       50%         4
 Iskenderun's Mystic Bla  Conj/Tloc      12%        2d5       50%         4


Dungeon Overview and Level Annotations

Branches:
Dungeon (3/15)

Altars:
Zin


Innate Abilities, Weirdness & Mutations

Your plain brown scales are hard. (AC +5)
You cannot fit into any form of body armour.
You are cold-blooded and may be slowed by cold attacks.


Message History

You barely miss the orc priest.
You tail-slap the orc priest, but do no damage.
The orc priest is lightly wounded.
The orc priest hits you with a +0 trident!
Magic courses through your body.
The orc priest invokes the aid of Beogh against you.
Beogh smites you!
* * * LOW HITPOINT WARNING * * *
Casting: Magic Dart (safe; 1% risk of failure)
Confirm with . or Enter, or press ? or * to list all spells.
Aiming: Searing Ray (safe; 3% risk of failure)
Press: ? - help, Shift-Dir - straight line, f/p - orc priest
Aim: an orc priest, wielding a +0 trident and wearing a +0 scale mail (lightly wounded, 81% to hit)
The searing ray hits the orc priest.
The orc priest is moderately wounded. (Press . to maintain the ray.)
The orc priest hits you but does no damage.
Unknown command.
The searing ray hits the orc priest.
The orc priest is heavily wounded.
The orc priest closely misses you.
The searing ray misses the orc priest.
The orc priest closely misses you.
The searing ray hits the orc priest.
The orc priest is almost dead.
You finish channelling your searing ray.
The orc priest begins to cast a cantrip, but forgets the words!
Unknown command.
Casting: Searing Ray (safe; 3% risk of failure)
Confirm with . or Enter, or press ? or * to list all spells.
Aiming: Searing Ray (safe; 3% risk of failure)
Press: ? - help, Shift-Dir - straight line, f/p - orc priest
Aim: an orc priest, wielding a +0 trident and wearing a +0 scale mail (almost dead, 81% to hit)
The searing ray hits the orc priest but does no damage.
The orc priest is almost dead. (Press . to maintain the ray.)
The orc priest hits you with a +0 trident.
* * * LOW HITPOINT WARNING * * *
Without enough magic to sustain it, your searing ray dissipates.
The orc priest hits you with a +0 trident.
You die...

# .# #########.###
##########...........#
<..............)@o...#
#######......#####...#
#######.##.### .....
.....##.##.# .###
#######.##.##### #
####...........#
........#.........
####.##.#.####.... #
#.##.#.# ##.


You could see an orc priest.

Vanquished Creatures
  2 dart slugs
  3 orcs (D:3)
  3 endoplasms
  3 goblins
  3 hobgoblins (D:1)
  3 ball pythons
  A frilled lizard (D:1)
18 creatures vanquished.

Notes
Turn   | Place    | Note
-------+----------+-------------------------------------------
     0 | D:1      | experimilk the Draconian Conjurer began the quest for the
                  | Orb.
     0 | D:1      | Reached XP level 1. HP: 14/14 MP: 3/3
   256 | D:1      | Reached XP level 2. HP: 20/20 MP: 1/5
   259 | D:1      | Learned a level 2 spell: Searing Ray
  1408 | D:2      | Found a glowing silver altar of Zin.
  1681 | D:3      | Reached skill level 5 in Conjurations
  1681 | D:3      | Reached XP level 3. HP: 26/26 MP: 1/6
  1696 | D:3      | HP: 1/26 [orc priest/+0 trident (2)]
  1697 | D:3      | Slain by an orc priest

Illustrated notes

Levels and vault maps discovered:
D:1:      spicycebolla_arrival_ecumenical, layout_basic
D:2:      layout_basic, basic_altar, serial_curves, eino_curves_01,
          eino_curves_03
D:3:      layout_basic, mainiacjoe_overflow_catwalk, uniq_sigmund, uniq_jessica,
          uniq_ijyb

Skill      XL: |  1  2 |
---------------+-------+-----
Conjurations   | 5 |  5.0
Dodging        | |  1.7
Stealth        | |  1.7
Spellcasting   | |  2.0

Action                   || total
-------------------------++-------
Melee: Short sword       ||     5
       Tailslap          ||     3
 Cast: Magic Dart        ||    34
       Searing Ray       ||     4
  Use: Scroll            ||     3
       Potion            ||     1
Armor: Skin              ||     1
Dodge: Dodged            ||     7

Table legend: (Time is in decaauts)
 A = Elapsed time spent in this place.
 B = Non-inter-level travel time spent in this place.
 C = Inter-level travel time spent in this place.
 D = Time resting spent in this place.
 E = Time spent auto-exploring this place.
 F = Levels seen in this place.
 G = Mean time per level.
                   A        B        C        D        E       F      G
               +--------+--------+--------+--------+--------+-----+--------+
         Total |   1693 |   1670 |     23 |      2 |   1494 |   3 |  564.3 |
       Dungeon |   1693 |   1670 |     23 |      2 |   1494 |   3 |  564.3 |
               +--------+--------+--------+--------+--------+-----+--------+

Top non-repeatable levels by time:
     D:1: 873 daAuts
     D:2: 671 daAuts
     D:3: 149 daAuts
